 Dungeon Crawl Stone Soup version 0.29.0-11-gd7f09526c8 (webtiles) character file.

Game seed: 2545101170954791034

1502 Revguard the Chiller (level 8, -3/59 HPs)
             Began as a Demonspawn Ice Elementalist on Aug 29, 2022.
             Killed from afar by an acid dragon (31 damage)
             ... with a splash of acid
             ... on level 6 of the Dungeon on Sept 5, 2022.
             The game lasted 00:23:32 (4317 turns).

Revguard the Chiller (Demonspawn Ice Elementalist)  Turns: 4317, Time: 00:23:34

Health: -3/59      AC: 10    Str: 10    XL:     8   Next: 52%
Magic:  4/12       EV: 13    Int: 15    God:
Gold:   157        SH:  0    Dex: 18    Spells: 3/14 levels left

rFire   . . .      SeeInvis .   g - +3 dagger (venom)
rCold   . . .      Faith    .   (no shield)
rNeg    . . .      Spirit   .   a - +2 animal skin
rPois   .          Reflect  .   h - +1 helmet
rElec   .          Harm     .   v - +0 cloak
rCorr   .          Rampage  .   (no gloves)
Will    .....      Clarity  +   (no boots)
Stlth   +++.......              c - amulet of regeneration
HPRegen 0.99/turn               e - ring of flight
MPRegen 0.13/turn               (no ring)

@: ice-armoured, corroded, flying
A: rugged brown scales 1, demonic guardian 2, hooves 1, agile 1, clarity, low MP
1
a: no special abilities


You were on level 6 of the Dungeon.
You visited 2 branches of the dungeon, and saw 7 of its levels.

You collected 350 gold pieces.
You spent 193 gold pieces at shops.

Inventory:

Hand Weapons
 g - a +3 dagger of venom (weapon)
 o - a +0 dagger of draining
 t - a +1 vampiric short sword
Armour
 a - a +2 animal skin (worn)
 h - a +1 helmet (worn)
 v - a +0 cloak (worn)
Jewellery
 c - an amulet of regeneration (around neck)
 e - a ring of flight (left hand)
Scrolls
 f - a scroll of torment
 k - a scroll of fear
 m - 2 scrolls of teleportation
 n - 2 scrolls of blinking
 p - a scroll of magic mapping
 s - a scroll of amnesia
Potions
 b - 3 potions of magic
 d - a potion of haste
 i - a potion of flight
 j - 2 potions of might
 l - a potion of heal wounds
 q - a potion of mutation
 r - a potion of resistance
 u - a potion of attraction


   Skills:
 + Level 3.5 Fighting
 + Level 3.0 Short Blades
 + Level 2.9 Armour
 + Level 3.6 Dodging
 + Level 3.9 Stealth
 + Level 3.6 Spellcasting
 + Level 2.9 Conjurations
 + Level 4.9 Ice Magic
 + Level 4.4 Invocations


You had 3 spell levels left.
You knew the following spells:

 Your Spells              Type           Power      Damage    Failure   Level
a - Freeze                Ice            68%        1d8       2%          1
b - Frozen Ramparts       Ice            34%        1d6       8%          3
c - Ozocubu's Armour      Ice            17%        N/A       8%          3
d - Hailstorm             Conj/Ice       14%        3d5       36%         4

Your spell library contained the following spells:

 Spells                   Type           Power      Damage    Failure   Level
 Static Discharge         Conj/Air       7%         3-4/arc   16%         2
 Mephitic Cloud           Conj/Pois/Air  5%         N/A       36%         3
 Ignite Poison            Fire/Tmut/Pois 2%         N/A       50%         3
 Sticky Flame             Conj/Fire      7%         2d3       71%         4
 Freezing Cloud           Conj/Ice/Air   5%         6-21      87%         5
 Dispel Undead            Necr           2%         3d7       88%         4


Dungeon Overview and Level Annotations

Branches:
Dungeon (6/15)             Temple (1/1) D:5

Altars:
Ashenzari
Cheibriados
Dithmenos
Gozag
Hepliaklqana
Kikubaaqudgha
Makhleb
Nemelex Xobeh
Okawaru
Ru
Uskayaw
Vehumet
Xom

Shops:
D:3 *?:!(   D:6 **


Innate Abilities, Weirdness & Mutations

You are partially covered in rugged brown scales. (AC +1, +3% HP)
A demonic guardian rushes to your aid.
You have large cloven feet.
You are agile. (Dex +4, Str/Int -1)
You possess an exceptional clarity of mind.
Your magical capacity is low. (-10% MP)


Message History

The wall freezes the shadow imp but does no damage.
The wall freezes the bullfrog.
The bullfrog seems to slow down.
The bullfrog hits you.
You hit the bullfrog.
The bullfrog is poisoned.
Your kick misses the bullfrog.
The bullfrog is severely wounded.
The shadow imp completely resists.
The wall freezes the shadow imp but does no damage.
The wall freezes the acid dragon.
Unknown command.
You hit the bullfrog.
The bullfrog looks as sick as possible!
You kick the bullfrog, but do no damage.
The bullfrog is almost dead.
The wall freezes the bullfrog.
You kill the bullfrog!
The wall freezes the acid dragon.
The shadow imp completely resists.
The wall freezes the shadow imp but does no damage.
The white imp puffs mist at you.
Your Short Blades skill increases to level 3!
You barely miss the acid dragon.
The acid dragon is lightly wounded.
The wall freezes the acid dragon.
The acid dragon spits acid at you. The splash of acid hits you!!
Ouch! That really hurt!
A demonic guardian appears!
The acid corrodes you!
The wall freezes the shadow imp but does no damage.
The white imp completely resists.
The wall freezes the white imp but does no damage.
You hear an angry hiss.
Your icy armour and frozen ramparts will break if you move.
Continue?
Your icy armour cracks and falls away as you move.
The frozen ramparts melt away as you move.
You hear an angry hiss.
Casting: Ozocubu's Armour (dangerous; 8% risk of failure)
Confirm with . or Enter, or press ? or * to list all spells.
A film of ice covers your body! The acid dragon spits acid at you.
The splash of acid hits you!!
Ouch! That really hurt!
You die...

... ####.###.# # #..#
...##..#.#... ##. #..#
#.##...#...# ... ...##
#.#††.##..# >... #...##
+#.#).##...# ....#
.....###...###....#
#..###........84.......#
#.<.#....###..D###....#
#...))..# +#@#†5##...#
##....)## #.#5o.##..#
#.....#).# #.##...#..#####.#.
...###.#..# ...##.$#..........
.#
###....####.....####.######...
#....................###......
#....##..###..######).##......
#.....##.....##...###.##......
#..........##..#+#.............


You could see an acid dragon (catching breath, ally target) and a friendly rust
devil (summoned).

Vanquished Creatures
  A hornet (D:5)
  A water moccasin (D:5)
  An ice beast (D:3)
  A sky beast (D:6)
  An ogre (D:5)
  A centaur (D:5)
  2 bullfrogs
  A scorpion (D:6)
  A hound (D:5)
  2 jellies
  An orc priest (D:6)
  An iguana (D:4)
  Robin (D:4)
  10 adders
  A river rat (D:4)
  A shadow imp (D:5)
  An ufetubus (D:4)
  A worm (D:2)
  3 dart slugs (D:2)
  3 orcs
  6 ball pythons
  5 endoplasms
  6 giant cockroaches
  13 goblins
  18 hobgoblins
  4 jackals (D:1)
  4 quokkas
  5 bats
  4 frilled lizards
  11 kobolds
  7 rats
118 creatures vanquished.

Vanquished Creatures (collateral kills)
  An orc warrior (D:6)
  A kobold brigand (D:6)
  A bullfrog (D:6)
  A hound (D:5)
  An orc wizard (D:6)
  2 adders
  A dart slug (D:1)
  An orc (D:6)
  An endoplasm (D:2)
  A goblin (D:1)
  A jackal (D:1)
12 creatures vanquished.

Vanquished Creatures (others)
  A plant (D:3)
1 creature vanquished.

Grand Total: 131 creatures vanquished

Notes
Turn   | Place    | Note
-------+----------+-------------------------------------------
     0 | D:1      | Revguard the Demonspawn Ice Elementalist began the quest
                  | for the Orb.
     0 | D:1      | Reached XP level 1. HP: 13/13 MP: 3/3
   206 | D:1      | Gained mutation: A weak demonic guardian rushes to your
                  | aid. [demonic ancestry]
   206 | D:1      | Reached XP level 2. HP: 19/19 MP: 3/5
   287 | D:1      | Upgraded the game from 0.29.0-5-ge4962eb29e to
                  | 0.29.0-11-gd7f09526c8
   647 | D:1      | Gained mutation: You are partially covered in rugged brown
                  | scales. (AC +1, +3% HP) [demonic ancestry]
   647 | D:1      | Reached XP level 3. HP: 19/25 MP: 2/6
   691 | D:1      | Reached skill level 1 in Invocations
   695 | D:1      | Learned a level 3 spell: Frozen Ramparts
   949 | D:2      | Reached skill level 1 in Fighting
   974 | D:2      | Reached skill level 1 in Short Blades
  1305 | D:2      | Reached XP level 4. HP: 27/32 MP: 0/7
  1398 | D:2      | Reached skill level 1 in Armour
  1847 | D:3      | Found Rono's Book Boutique.
  1893 | D:3      | Found Gessuj's Distillery.
  1906 | D:3      | Bought a potion of mutation for 88 gold pieces
  1913 | D:3      | Found Cazaavvu's Antique Weapon Boutique.
  2122 | D:3      | Noticed an ice beast
  2150 | D:3      | Killed an ice beast
  2151 | D:3      | Reached skill level 1 in Conjurations
  2151 | D:3      | Reached XP level 5. HP: 39/39 MP: 8/8
  2163 | D:3      | Learned a level 3 spell: Ozocubu's Armour
  2209 | D:3      | Found Kavuv's Magic Scroll Boutique.
  2223 | D:3      | Found Abuit's Assorted Antiques.
  2230 | D:3      | Bought a scroll labelled BOURRO CUKK for 22 gold pieces
  2230 | D:3      | Bought a scroll labelled DOCVECUY ZUCH for 22 gold pieces
  2366 | D:3      | Found a faded altar of an unknown god.
  2512 | D:4      | Noticed Robin
  2531 | D:4      | Killed Robin
  2656 | D:4      | Reached XP level 6. HP: 20/45 MP: 1/9
  3496 | D:5      | Entered Level 5 of the Dungeon
  3526 | D:5      | Noticed a water moccasin
  3538 | D:5      | Killed a water moccasin
  3539 | D:5      | Gained mutation: A demonic guardian rushes to your aid.
                  | [demonic ancestry]
  3539 | D:5      | Reached XP level 7. HP: 52/52 MP: 8/11
  3552 | D:5      | Found a sparkling altar of Nemelex Xobeh.
  3552 | D:5      | Found an opulent altar of Gozag.
  3638 | D:5      | Noticed a hornet
  3644 | D:5      | Learned a level 4 spell: Hailstorm
  3655 | D:5      | Paralysed by a hornet for 1 turns
  3658 | D:5      | Killed a hornet
  3778 | D:5      | Gained mutation: You have hidden genetic potential. [potion
                  | of mutation]
  3778 | D:5      | Gained mutation: You possess an exceptional clarity of
                  | mind. [potion of mutation]
  3778 | D:5      | Gained mutation: You are occasionally teleported next to
                  | monsters. [potion of mutation]
  3779 | D:5      | Lost mutation: You possess an exceptional clarity of mind.
                  | [potion of mutation]
  3779 | D:5      | Lost mutation: You have hidden genetic potential. [potion
                  | of mutation]
  3779 | D:5      | Lost mutation: You are occasionally teleported next to
                  | monsters. [potion of mutation]
  3779 | D:5      | Gained mutation: You have large cloven feet. [potion of
                  | mutation]
  3779 | D:5      | Gained mutation: You are agile. (Dex +4, Str/Int -1)
                  | [potion of mutation]
  3779 | D:5      | Gained mutation: Your magical capacity is low. (-10% MP)
                  | [potion of mutation]
  3779 | D:5      | Gained mutation: You possess an exceptional clarity of
                  | mind. [potion of mutation]
  3806 | D:5      | Found a staircase to the Ecumenical Temple.
  3825 | Temple   | Entered the Ecumenical Temple
  4095 | D:6      | Reached XP level 8. HP: 29/59 MP: 5/11
  4180 | D:6      | Found Xiuggyo's Assorted Antiques.
  4190 | D:6      | Bought a scroll labelled JAYL FIETUENTI for 23 gold pieces
  4190 | D:6      | Bought a lumpy black potion for 20 gold pieces
  4240 | D:6      | Found Orugazi's Assorted Antiques.
  4247 | D:6      | Bought an amethyst potion for 18 gold pieces
  4317 | D:6      | Killed from afar by an acid dragon

Illustrated notes

Levels and vault maps discovered:
D:1:      dpeg_arrival_tiny_h, layout_rooms, minmay_bisected
D:2:      minmay_diamond_boxcup, layout_rooms, minmay_split_cup_large
D:3:      layout_basic, hellmonk_ecumenical_altar_arch_garden, serial_shops,
          shop, nicolae_shop_overgrown_old_shop, nicolae_shop_trees,
          nicolae_shop_hallway_stairs, nicolae_shop_window_shopping
D:4:      layout_basic, portal_sewer_entry_a, minmay_fractal_squares_gapless_5,
          uniq_robin
D:5:      layout_basic, grunt_temple_overflow_opulence,
          minmay_temple_entry_large_hall
D:6:      cheibrodos_barr_body, layout_rooms, mainiacjoe_overflow_two_lobes,
          serial_shops, nicolae_shop_hallway_plus, nicolae_square_shop,
          nicolae_shop_bloodbath_and_beyond, nicolae_shop_trees,
          nicolae_shop_hallway_plus
Temple:   minmay_temple_bridge_abc

Skill      XL: |  1  2  3  4  5  6  7  8 |
---------------+-------------------------+-----
Stealth        | 2 3 |  3.9
Dodging        | 2 3 |  3.6
Invocations    | 1 2 3 4 |  4.4
Fighting       | 1 2 3 |  3.5
Short Blades   | 1 2 3 |  3.0
Armour         | 1 2 |  2.9
Conjurations   | 1 2 |  2.9
Ice Magic      | 4 |  4.9
Spellcasting   | 3 |  3.6

Action                   |  1- 3 |  4- 6 |  7- 9 || total
-------------------------+-------+-------+-------++-------
Melee: Unarmed           |     1 |       |       ||     1
       Short sword       |    29 |       |       ||    29
       Punch             |     2 |     1 |       ||     3
       Dagger            |    24 |   132 |    65 ||   221
       Kick              |       |       |    18 ||    18
 Cast: Freeze            |    32 |    15 |     3 ||    50
       Frozen Ramparts   |     3 |     7 |     6 ||    16
       Ozocubu's Armour  |       |     1 |     4 ||     5
  Use: Scroll            |       |    14 |     3 ||    17
       Potion            |       |    11 |     4 ||    15
 Stab: Sleeping          |     6 |     4 |     2 ||    12
Armor: Robe              |     2 |       |       ||     2
       Leather armour    |    19 |    26 |       ||    45
       Animal skin       |       |    28 |    37 ||    65
Dodge: Dodged            |    48 |    83 |    54 ||   185
